 Dungeon Crawl Stone Soup version 0.30-a0-34-gbe8da3892a (webtiles) character file.

Game seed: 5492921573765856342

970 ytrimaz the Changer (level 8, -12/49 HPs)
             Began as an Octopode Transmuter on Aug 27, 2022.
             Mangled by a two-headed ogre
             ... wielding a +0 giant club
              (28 damage)
             ... on level 4 of the Dungeon.
             The game lasted 00:06:26 (3906 turns).

ytrimaz the Changer (Octopode Transmuter)           Turns: 3906, Time: 00:06:26

Health: -12/49     AC:  2    Str:  9    XL:     8   Next: 16%
Magic:  14/16      EV: 20    Int: 17    God:
Gold:   210        SH:  0    Dex: 18    Spells: 7/17 levels left

rFire   . . .      SeeInvis .      - Unarmed
rCold   . . .      Faith    .    (shield currently unavailable)
rNeg    . . .      Spirit   .    (helmet currently unavailable)
rPois   .          Reflect  .    (no amulet)
rElec   .          Harm     .    e - +4 ring of slaying
rCorr   .          Rampage  .    f - ring of poison resistance
Will    .....                    k - ring of wizardry
Stlth   ++........               (no ring)
HPRegen 0.16/turn                (no ring)
MPRegen 0.15/turn                (no ring)
                                 (no ring)
                                 (no ring)

@: mighty, spider-form
A: venomous fangs, almost no armour, (amphibious), 8 rings, tiny, (camouflage
1), (gelatinous body 1), (nimble swimmer 1), (tentacles)
a: End Transformation


You were on level 4 of the Dungeon.
You were a venomous arachnid creature.
You visited 2 branches of the dungeon, and saw 5 of its levels.

You collected 210 gold pieces.

Inventory:

Jewellery
 e - a +4 ring of slaying (left front leg)
 f - a ring of poison resistance (right front leg)
 k - a ring of wizardry (on tentacle)
Wands
 o - a wand of iceblast (13)
Scrolls
 c - a scroll of teleportation
Potions
 a - a potion of lignification
 b - a potion of curing
 d - 2 potions of heal wounds
 g - a potion of cancellation
 h - a potion of flight {unknown}
 i - a potion of mutation {unknown}
 n - a potion of resistance {unknown}


   Skills:
 - Level 1.7 Fighting
 - Level 2.5 Dodging
 - Level 3.3 Unarmed Combat
 + Level 5.4 Spellcasting
 + Level 5.8 Transmutations
 + Level 0.6 Ice Magic
 - Level 4.0 Poison Magic


You had 7 spell levels left.
You knew the following spells:

 Your Spells              Type           Power      Damage    Failure   Level
a - Beastly Appendage     Tmut           48%        N/A       2%          1
b - Wereblood             Tmut           24%        N/A       3%          2
c - Spider Form           Tmut/Pois      21%        N/A       6%          3
d - Ice Form              Ice/Tmut       15%        N/A       26%         4

Your spell library contained the following spells:

 Spells                   Type           Power      Damage    Failure   Level


Dungeon Overview and Level Annotations

Branches:
Dungeon (4/15)             Temple (1/1) D:4

Altars:
Cheibriados
Dithmenos
Elyvilon
Fedhas
Gozag
Makhleb
Nemelex Xobeh
Okawaru
Qazlal
Ru
Trog
Vehumet
Wu Jian
Xom
Yredelemnul
The Shining One


Innate Abilities, Weirdness & Mutations

You are a venomous arachnid creature.
You have poisonous fangs.
You are tiny and dextrous.
Your spellcasting is less reliable in this form.
Your armour is entirely melded.
You are incapable of wielding weapons or throwing items.
You cannot wear most types of armour.
((You are amphibious.))
You can wear up to eight rings at the same time.
((Your skin changes colour to match your surroundings (Stealth+).))
((Your rubbery body absorbs attacks. (AC +1, EV +1)))
((You are camouflaged when in or above water. (Stealth+)))
((You have tentacles for arms and can constrict up to eight enemies at once.))


Message History

Found a snail-covered altar of Cheibriados.
There is an open gate here.
You see here a necrophage skeleton.
Done exploring.
Done exploring.
Done exploring.
Done exploring.
As you read the scroll labelled XEECIA JU AGIC, it crumbles to dust.
You hear a loud clanging noise!
It was a scroll of noise.
You hear two shouts!
Unknown command.
As you read the scroll labelled BOISUDWACIA, it crumbles to dust.
The scroll dissolves into smoke.
It was a scroll of fog.
Unknown command.
You start waiting.
A two-headed ogre is nearby!
You feel very mighty all of a sudden.
Unknown command.
Casting: Spider Form (dangerous; 2% risk of failure)
Confirm with . or Enter, or press ? or * to list all spells.
You turn into a venomous arachnid creature.
The two-headed ogre shouts in stereo!
You bite the two-headed ogre!
The two-headed ogre is poisoned.
The two-headed ogre is lightly wounded.
The two-headed ogre barely misses you. The two-headed ogre closely misses you.
You bite the two-headed ogre!
The two-headed ogre looks as sick as possible!
The two-headed ogre is moderately wounded.
You hit the two-headed ogre.
The two-headed ogre is moderately wounded.
The two-headed ogre hits you with a +0 giant club!!
Ouch! That really hurt!
The two-headed ogre barely misses you.
You bite the two-headed ogre!
The two-headed ogre looks as sick as possible!
The two-headed ogre is severely wounded.
The two-headed ogre hits you with a +0 giant club!!
Ouch! That really hurt!
You die...

..................##.....##
...................#......#
.#####..........#.รท...(..##
..##............###.....##
.(.....#....#..###.......#
....#####......###......##
##.#.#.........##......##
##.#......#...........##
........###...#.s.....#
........###....O..#####
.......#.###....###
.......#.......##
......##.#....##
.#.....#.#....#
.........###### ....##..##
.##..####


You could see a two-headed ogre (extremely poisoned).

Vanquished Creatures
  Pikel (D:4)
  An ogre (D:4)
  3 lemures (D:4)
  A phantom (D:4)
  A necrophage (D:4)
  2 scorpions (D:4)
  An orc priest (D:4)
  Jessica (D:2)
  An iguana (D:4)
  A gnoll (D:1)
  2 adders
  3 worms
  3 dart slugs
  3 orcs
  3 endoplasms
  4 giant cockroaches
  6 goblins
  8 hobgoblins
  3 jackals (D:2)
  4 quokkas
  6 ball pythons
  8 bats
  5 frilled lizards
  7 kobolds
  5 rats
83 creatures vanquished.

Vanquished Creatures (others)
  5 plants (D:4)
5 creatures vanquished.

Grand Total: 88 creatures vanquished

Notes
Turn   | Place    | Note
-------+----------+-------------------------------------------
     0 | D:1      | ytrimaz the Octopode Transmuter began the quest for the
                  | Orb.
     0 | D:1      | Reached XP level 1. HP: 13/13 MP: 3/3
   191 | D:1      | Reached XP level 2. HP: 18/18 MP: 3/5
   647 | D:1      | Reached XP level 3. HP: 20/24 MP: 6/6
   668 | D:1      | Learned a level 2 spell: Wereblood
   672 | D:1      | Learned a level 3 spell: Spider Form
  1190 | D:2      | Noticed Jessica
  1204 | D:2      | Killed Jessica
  1205 | D:2      | Reached skill level 1 in Poison Magic
  1205 | D:2      | Reached XP level 4. HP: 29/29 MP: 7/7
  1878 | D:3      | Found a shadowy altar of Dithmenos.
  1883 | D:3      | Found a glowing golden altar of the Shining One.
  1914 | D:3      | Reached XP level 5. HP: 34/34 MP: 6/8
  2021 | D:3      | Found an opulent altar of Gozag.
  2510 | D:4      | Noticed a phantom
  2530 | D:4      | Killed a phantom
  2701 | D:4      | Noticed a two-headed ogre
  2805 | D:4      | Reached XP level 6. HP: 39/39 MP: 6/10
  2810 | D:4      | Learned a level 4 spell: Ice Form
  2954 | D:4      | Found a staircase to the Ecumenical Temple.
  3073 | Temple   | Entered the Ecumenical Temple
  3369 | D:4      | Noticed Pikel
  3391 | D:4      | Killed Pikel
  3392 | D:4      | Reached skill level 5 in Transmutations
  3392 | D:4      | Reached XP level 7. HP: 38/44 MP: 6/14
  3394 | D:4      | Reached skill level 5 in Spellcasting
  3394 | D:4      | Reached XP level 8. HP: 43/49 MP: 7/15
  3793 | D:4      | Found a snail-covered altar of Cheibriados.
  3906 | D:4      | Mangled by a two-headed ogre

Illustrated notes

Levels and vault maps discovered:
D:1:      lightli_molten_gateway, layout_rooms
D:2:      layout_basic, roderic_roman_lattice, st_stairs_1, uniq_jessica
D:3:      layout_basic, jmf_multi_god_temple, mainiacjoe_overflow_tiny_flanked
D:4:      layout_cave_pools, mainiacjoe_overflow_alcove_4,
          minmay_temple_entry_slanted, uniq_pikel
Temple:   nicolae_temple_hex_pool

Skill      XL: |  1  2  3  4  5  6  7 |
---------------+----------------------+-----
Poison Magic   | 1 2 4 |  4.0
Transmutations | 3 5 |  5.8
Spellcasting   | 3 4 5 |  5.4
Fighting       | |  1.7
Dodging        | |  2.5
Unarmed Combat | |  3.3
Ice Magic      | |  0.6

Action                   |  1- 3 |  4- 6 |  7- 9 || total
-------------------------+-------+-------+-------++-------
Melee: Unarmed           |    59 |    84 |    33 ||   176
       Constrict         |    27 |    13 |       ||    40
       Kick              |    17 |    17 |       ||    34
       Tentacles         |     8 |     8 |       ||    16
       Punch             |     1 |       |       ||     1
 Cast: Beastly Appendage |    15 |    28 |       ||    43
       Spider Form       |       |     6 |     4 ||    10
  Use: Scroll            |       |     2 |     2 ||     4
       Potion            |       |     5 |     1 ||     6
 Stab: Sleeping          |     2 |     9 |       ||    11
Armor: Skin              |    10 |    11 |     1 ||    22
Dodge: Dodged            |    41 |    56 |    19 ||   116

Table legend: (Time is in decaauts)
 A = Elapsed time spent in this place.
 B = Non-inter-level travel time spent in this place.
 C = Inter-level travel time spent in this place.
 D = Time resting spent in this place.
 E = Time spent auto-exploring this place.
 F = Levels seen in this place.
 G = Mean time per level.
                   A        B        C        D        E       F      G
               +--------+--------+--------+--------+--------+-----+--------+
         Total |   3893 |   3820 |     73 |    336 |   2808 |   5 |  778.6 |
       Dungeon |   3654 |   3591 |     63 |    336 |   2593 |   4 |  913.5 |
        Temple |    239 |    229 |     10 |      0 |    215 |   1 |  239.0 |
               +--------+--------+--------+--------+--------+-----+--------+

Top non-repeatable levels by time:
     D:4: 1154 daAuts
     D:1: 1002 daAuts
     D:2: 770 daAuts
     D:3: 727 daAuts
  Temple: 239 daAuts
